 Dungeon Crawl Stone Soup version 0.16-a0-783-gf476f6a (webtiles) character file.

29 RobertPalmer the Cudgeler (level 3, 0/31 HPs)
             Began as an Ogre Earth Elementalist on Sept 26, 2014.
             Succumbed to an adder's poison
             ... on Level 2 of the Dungeon.
             The game lasted 00:05:25 (1848 turns).

RobertPalmer the Cudgeler (Ogre Earth Elementalist) Turns: 1848, Time: 00:05:25

HP   0/31        AC  4     Str 13      XL: 3   Next: 16%
MP   0/6         EV 10     Int 14      God:
Gold 27          SH  0     Dex 11      Spells:  1 memorised,  5 levels left

rFire  . . .     SeeInvis .     j - -2 whip (curse)
rCold  . . .     Clarity  .     c - +1 robe
rNeg   . . .     rCorr    .     (shield restricted)
rPois  .         rRot     .     (helmet restricted)
rElec  .         Spirit   .     (no cloak)
SustAb .         Warding  .     (gloves unavailable)
rMut   .         Stasis   .     (boots unavailable)
Gourm  .                        (no amulet)
MR     .....                    (no ring)
                                (no ring)

@: lethally poisoned, very slightly contaminated, hasted, very quick, not
resistant to hostile enchantments, very unstealthy
A: unfitting armour, tough skin 1
a: no special abilities


You were on level 2 of the Dungeon.
You were hungry.

You visited 1 branch of the dungeon, and saw 2 of its levels.

You collected 27 gold pieces.


Innate Abilities, Weirdness & Mutations

You are too large for most types of armour.
You have tough skin (AC +1).


   Skills:
 + Level 2.6 Maces & Flails
 - Level 2.4 Dodging
 - Level 1.5 Stealth
 - Level 2.4 Spellcasting
   Level 0.6 Transmutations
 - Level 2.1 Earth Magic


You had 5 spell levels left.
You knew the following spells:

 Your Spells              Type           Power        Failure   Level  Hunger
z - Sandblast             Erth           #.....       12%         1    #......

Inventory:

Hand weapons
 j - a cursed -2 whip (weapon)
Missiles
 b - 40 stones (quivered)
 k - 3 tomahawks
Armour
 c - a +1 robe (worn)
Comestibles
 a - a meat ration
 f - a slice of pizza
 g - 2 bread rations
 i - a beef jerky
 l - a rotting chunk of rat flesh {@*1}
 r - a chunk of giant newt flesh {@*1}
Jewellery
 e - an uncursed amulet of stasis {unknown}
 q - a cursed ring of loudness {unknown}
Potions
 m - a potion of might {unknown}
 n - a potion of cancellation {unknown}
Books
 d - a book of Geomancy

Dungeon Overview and Level Annotations

Branches:
Dungeon (2/15)

Altars:

. #.. #.! #..
######.#+#
#?.....#.# ...
#.#.#######
#S##.........#
#.@....####.##
####.#...<...#
#.#....#..#
..###### .#
.... # #....
#..... #.####
#.


You could see an adder.


Message History

You hit the adder.
The adder is moderately wounded.
The adder closely misses you.
You barely miss the adder.
The adder is moderately wounded.
* * * LOW HITPOINT WARNING * * *
You feel sick. The adder bites you but does no damage.
You hit the adder.
The adder is severely wounded.
The adder bites you.
* * * LOW HITPOINT WARNING * * *
You are more poisoned.
The adder poisons you!
You hit the adder.
The adder is severely wounded.
* * * LOW HITPOINT WARNING * * *
You feel sick. The adder barely misses you.
You barely miss the adder.
The adder is severely wounded.
You barely miss the adder.
The adder is severely wounded.
* * * LOW HITPOINT WARNING * * *
You feel sick. The adder bites you but does no damage.
You barely miss the adder.
The adder is severely wounded.
The adder bites you.
* * * LOW HITPOINT WARNING * * *
You miss the adder.
The adder is severely wounded.
You die...

Action                   || total
-------------------------++-------
Melee: Whip              ||   151
       Unarmed           ||     1
 Cast: Sandblast         ||    31
  Use: Scroll            ||     4
       Potion            ||     3
  Eat: Chunk             ||     3

Vault maps used:
D:1:      minmay_arrival_loop, dk_noncrumbling_4, baited_tele_trap
D:2:      lemuel_zombie_altar_yredelemnul, serial_bayou_pond_e

Notes
Turn   | Place    | Note
--------------------------------------------------------------
     0 | D:1      | RobertPalmer, the Ogre Earth Elementalist, began the quest for the Orb.
     0 | D:1      | Reached XP level 1. HP: 16/16 MP: 3/3
   101 | D:1      | Reached skill level 2 in Dodging
   330 | D:1      | Reached XP level 2. HP: 19/24 MP: 0/5
   340 | D:1      | Reached skill level 1 in Maces & Flails
   797 | D:1      | Reached skill level 2 in Maces & Flails
  1310 | D:1      | Reached XP level 3. HP: 31/31 MP: 6/6
  1846 | D:2      | HP: 3/31 [poisoned by an adder]
  1847 | D:2      | HP: 1/31 [adder (2)]
  1848 | D:2      | Succumbed to an adder's poison

Vanquished Creatures
  A ball python (D:1)
  4 bats
  A giant cockroach (D:1)
  2 goblins (D:1)
  A hobgoblin (D:1)
  7 jackals (D:1)
  5 kobolds (D:1)
  A giant gecko (D:1)
  A giant newt (D:1)
  5 rats (D:1)
28 creatures vanquished.
